 Dungeon Crawl Stone Soup version 0.23.0 (webtiles) character file.

Game seed: 3163221762446807609

1803 Murks the Grappler (level 8, 0/83 HPs)
             Began as a Troll Chaos Knight on Feb 16, 2019.
             Was a Plaything of Xom.
             Killed by divine providence
             ... invoked by an orc priest
              (12 damage)
             ... on level 6 of the Dungeon.
             The game lasted 00:21:25 (4856 turns).

Murks the Grappler (Troll Chaos Knight)             Turns: 4856, Time: 00:21:26

Health: 0/83       AC:  8    Str: 22    XL:     8   Next: 83%
Magic:  7/7        EV: 15    Int:  6    God:    Xom [...*..]
Gold:   322        SH:  0    Dex: 15    Spells: 7/7 levels left

rFire    . . .     SeeInvis .     - Unarmed
rCold    . . .     Gourm    +   (no shield)
rNeg     . . .     Faith    .   a - +2 robe
rPois    .         Spirit   .   (helmet restricted)
rElec    .         Reflect  .   (no cloak)
rCorr    .         Harm     .   (gloves unavailable)
MR       .....                  (boots unavailable)
Stlth    ++........             (no amulet)
HPRegen  0.63/turn              (no ring)
MPRegen  0.10/turn              (no ring)

@: agile, studying Air Magic
A: large, unfitting armour, claws 3, hooves 1, dopey 1, fast metabolism 3,
gourmand, mutation resistance 1, regeneration 1, shaggy fur 1, tough skin 3
a: Renounce Religion


You were on level 6 of the Dungeon.
You worshipped Xom.
You were a favourite toy of Xom.
You were full.

You visited 1 branch of the dungeon, and saw 6 of its levels.

You collected 322 gold pieces.

Inventory:

Missiles
 c - 195 stones
 l - 47 sling bullets
 w - 2 throwing nets (quivered)
Armour
 a - a +2 robe (worn)
Jewellery
 d - a +4 amulet of reflection {unknown}
 o - a cursed ring of teleportation {unknown}
 s - a +2 ring of protection {unknown}
Wands
 t - a wand of iceblast (14)
 v - a wand of acid (11)
 y - a wand of disintegration (9)
Scrolls
 f - 2 scrolls of remove curse {unknown}
 h - a scroll of blinking {unknown}
 i - 4 scrolls of identify {unknown}
 k - 3 scrolls of teleportation {unknown}
 m - a scroll of amnesia {unknown}
 n - a scroll of magic mapping {unknown}
 r - a scroll of enchant weapon {unknown}
 u - a scroll of immolation {unknown}
Potions
 e - a potion of lignification
 g - 2 potions of mutation {unknown}
 j - 2 potions of degeneration
 p - 2 potions of brilliance {unknown}
 q - 2 potions of curing {unknown}
 x - a potion of magic {unknown}
 B - a potion of heal wounds {unknown}
Books
 z - a manual of Air Magic
Comestibles
 b - 8 rations


   Skills:
 + Level 5.8 Fighting
 - Level 1.9 Dodging
 - Level 10.0 Unarmed Combat


You had 7 spell levels left.
You didn't know any spells.
Your spell library was empty.

Dungeon Overview and Level Annotations

Branches:
Dungeon (6/15)
 Temple: D:4-7

Altars:
Fedhas
Hepliaklqana
Makhleb
Nemelex Xobeh
Ru
Wu Jian
Xom
Zin
The Shining One


Innate Abilities, Weirdness & Mutations

You are too large for most types of armour.
You have claws for hands.
Your metabolism is lightning-fast.
You like to eat raw meat.
Your natural rate of healing is unusually fast.
You are covered in fur. (AC +1)
You have extremely tough skin. (AC +3)
You have large cloven feet.
You are dopey. (Int -2)
You are somewhat resistant to further mutation.


Message History

The orc is lightly wounded.
The orc closely misses you.
You closely miss the orc. Your kick misses the orc.
The orc is lightly wounded.
The orc barely misses you.
You closely miss the orc. You kick the orc. You claw the orc.
You kill the orc!
The orc warrior throws a tomahawk of returning.
The tomahawk of returning hits you!
* * * LOW HITPOINT WARNING * * *
The weapon returns to the orc warrior!
Evoke which item? (* to show all) (? for menu, Esc to quit)
Aiming: Corrosive Bolt
Press: ? - help, Shift-Dir - straight line, f - orc priest, p - orc warrior
Aim: an orc priest, wielding a +0 short sword The bolt of acid hits the orc warrior!
The orc warrior is splashed with acid.
You kill the orc warrior!
The orc priest invokes the aid of Beogh against you.
Beogh smites you!
You die...

#.....##.#...#.#/..
#.###.##.#.#...#.##
#.....##.#.....#.#.
#####....#.o.o.#.#[
####.......#..#.#.
#.....##......#.#'
######.###.........#...
#......# #...(.#...##..
#.....@#####....#.###..
#......†...#.#....# #..
#......###o..#.#### #..
#......# #####.# #..
#......# #...# #÷.
#.....(#####.### #<.
#......##....# #..
#########.#### #..
#......# #..


You could see an orc priest.

Vanquished Creatures
  Pikel (D:6)
  The ghost of Toogi the Sneak, a novice VSAs (D:4)
  Eustachio (D:5)
  An orc warrior (D:6)
  An ice beast (D:5)
  An ogre (D:5)
  5 crimson imps
  3 jellies
  3 hounds
  A bullfrog skeleton (D:4)
  A gnoll shaman (D:4)
  2 worker ants
  A howler monkey zombie (D:5)
  A worker ant zombie (D:5)
  6 gnolls (D:4)
  5 adders
  2 oozes
  An adder skeleton (D:5)
  A dart slug (D:1)
  4 worms
  A leopard gecko (D:1)
  8 orcs
  3 ball pythons
  5 giant cockroaches
  7 goblins
  10 hobgoblins
  9 jackals
  10 kobolds
  5 quokkas
  9 bats
  6 frilled lizards
  7 rats
122 creatures vanquished.

Vanquished Creatures (collateral kills)
  2 centaurs (D:5)
  A giant cockroach (D:5)
3 creatures vanquished.

Vanquished Creatures (others)
  2 plants (D:4)
2 creatures vanquished.

Grand Total: 127 creatures vanquished

Notes
Turn   | Place    | Note
-------+----------+-------------------------------------------
     0 | D:1      | Murks the Troll Chaos Knight began the quest for the Orb.
     0 | D:1      | Reached XP level 1. HP: 22/22 MP: 0/0
   248 | D:1      | Reached XP level 2. HP: 29/29 MP: 1/1
   350 | D:1      | XOM: divination: detect creatures
   382 | D:1      | Reached skill level 4 in Unarmed Combat
   391 | D:1      | XOM: divination: magic mapping
   404 | D:1      | Reached XP level 3. HP: 34/36 MP: 2/2
   418 | D:1      | XOM: medium Pois miscast
   988 | D:2      | XOM: give mutations
   988 | D:2      | Gained mutation: Your muscles are strong. (Str +2) [Xom's
                  | mischief]
   988 | D:2      | Lost mutation: Your muscles are strong. (Str +2) [Xom's
                  | mischief]
   988 | D:2      | Gained mutation: You have large cloven feet. [Xom's
                  | mischief]
   988 | D:2      | Gained mutation: You are dopey. (Int -2) [Xom's mischief]
  1270 | D:2      | XOM: stat loss: -1 Str (20/21)
  1320 | D:2      | Reached skill level 5 in Unarmed Combat
  1320 | D:2      | Reached XP level 4. HP: 44/44 MP: 3/3
  1472 | D:2      | Found a hazy altar of Hepliaklqana.
  1472 | D:2      | Found a burning altar of Makhleb.
  1472 | D:2      | Found a glowing silver altar of Zin.
  1472 | D:2      | Found a sacrificial altar of Ru.
  1483 | D:2      | Found a blossoming altar of Fedhas.
  1483 | D:2      | Found an ornate altar of the Wu Jian Council.
  1542 | D:3      | XOM: 6-stop teleportation journey
  2322 | D:4      | Found a sparkling altar of Nemelex Xobeh.
  2336 | D:4      | Reached XP level 5. HP: 25/50 MP: 4/4
  2336 | D:4      | XOM: 1-stop teleportation journey
  2464 | D:4      | XOM: 9-stop teleportation journey
  2558 | D:4      | Reached skill level 6 in Unarmed Combat
  2646 | D:4      | Found a transporter.
  2810 | D:4      | XOM is BORED!
  2837 | D:4      | Found a glowing golden altar of the Shining One.
  2925 | D:4      | Found a transporter.
  2942 | D:4      | Noticed Toogi's ghost (novice VSAs)
  2950 | D:4      | XOM: give mutation
  2950 | D:4      | Gained mutation: You are somewhat resistant to further
                  | mutation. [Xom's grace]
  3208 | D:4      | XOM: divination: detect items
  3211 | D:4      | Reached XP level 6. HP: 29/59 MP: 5/5
  3363 | D:4      | Reached skill level 7 in Unarmed Combat
  3370 | D:4      | XOM: smoke on damage
  3381 | D:4      | XOM: scenery: 1 fountains blood, 1 doors close
  3397 | D:4      | Killed Toogi's ghost
  3397 | D:4      | Reached skill level 8 in Unarmed Combat
  3397 | D:4      | Reached XP level 7. HP: 22/66 MP: 6/6
  3474 | D:4      | XOM: god gift: wand of acid (12)
  3618 | D:4      | XOM: divination: magic mapping
  3657 | D:5      | Entered Level 5 of the Dungeon
  3728 | D:5      | XOM: summons 3 friendly demons
  3797 | D:5      | Found a shimmering altar of Xom.
  3807 | D:5      | XOM: confuse monster(s)
  3826 | D:5      | Reached skill level 9 in Unarmed Combat
  3863 | D:5      | XOM: scenery: create altars
  3869 | D:5      | XOM: summons 7 friendly demons
  4023 | D:5      | Noticed Eustachio
  4023 | D:5      | XOM: potion effect (agility)
  4029 | D:5      | Killed Eustachio
  4029 | D:5      | Reached XP level 8. HP: 74/74 MP: 7/7
  4156 | D:5      | Reached skill level 10 in Unarmed Combat
  4607 | D:6      | Noticed Pikel
  4612 | D:6      | Killed Pikel
  4612 | D:6      | Reached skill level 5 in Fighting
  4725 | D:6      | XOM: cloud trail
  4833 | D:6      | XOM: god gift: wand of enslavement (9)
  4839 | D:6      | XOM: potion effect (agility)
  4856 | D:6      | Killed from afar by an orc priest

Skill      XL: |  1  2  3  4  5  6  7  8 |
---------------+-------------------------+-----
Unarmed Combat | 4 5 6 8 9 10 | 10.0
Fighting       | 5 |  5.8
Dodging        | |  1.9

Action                   |  1- 3 |  4- 6 |  7- 9 || total
-------------------------+-------+-------+-------++-------
Melee: Unarmed           |   105 |   111 |    84 ||   300
       Kick              |     3 |    23 |    21 ||    47
       Punch             |     1 |       |     7 ||     8
Throw: Stone             |    25 |    42 |    44 ||   111
       Throwing net      |       |       |     4 ||     4
Evoke: Wand              |       |     2 |     1 ||     3
  Use: Potion            |       |     2 |       ||     2
 Stab: Held in net/web   |       |       |     1 ||     1
  Eat: Chunk             |    17 |    17 |    13 ||    47
Armor: Robe              |    64 |    44 |    34 ||   142
       Skin              |       |     3 |       ||     3
Dodge: Dodged            |    60 |    54 |    27 ||   141
